 Dungeon Crawl Stone Soup version 0.28-a0-447-g1f95980246 (webtiles) character file.

Game seed: 15364443622044049637

2557 mhtbhm the Basher (level 9, -3/78 HPs)
             Began as a Grey Draconian Cinder Acolyte on Sept 12, 2021.
             Was a Believer of Ignis.
             Slain by HuGe's ghost (5 damage)
             ... on level 6 of the Dungeon.
             The game lasted 00:12:14 (9200 turns).

mhtbhm the Basher (Grey Draconian Cinder Acolyte)   Turns: 9200, Time: 00:12:15

Health: -3/78      AC: 12    Str: 19    XL:     9   Next: 31%
Magic:  10/10      EV: 13    Int: 14    God:    Ignis [**....]
Gold:   345        SH:  0    Dex:  8    Spells: 10/10 levels left

rFire   + . .      SeeInvis .   a - +2 flail (vorpal)
rCold   . . .      Faith    .   (no shield)
rNeg    . . .      Spirit   .   (armour unavailable)
rPois   .          Reflect  .   (helmet restricted)
rElec   .          Harm     .   (no cloak)
rCorr   .          Rampage  .   (no gloves)
Will    .....      Clarity  +   (no boots)
Stlth   ++........              (no amulet)
HPRegen 0.23/turn               (no ring)
MPRegen 0.12/turn               (no ring)

@: lethally poisoned (-3 -> -9)
A: AC +12, amphibious, unfitting armour, cold-blooded, clarity, mutation
resistance 1
a: Renounce Religion, Sea of Fire, Foxfire Swarm, Rising Flame


You were on level 6 of the Dungeon.
You worshipped Ignis.
Ignis was pleased with you.
You visited 1 branch of the dungeon, and saw 6 of its levels.

You collected 345 gold pieces.

Inventory:

Hand Weapons
 a - a +2 vorpal flail (weapon)
Missiles
 i - 2 curare-tipped darts (quivered)
Jewellery
 c - an amulet of reflection
 j - a ring of willpower
Wands
 h - a wand of polymorph (7)
Scrolls
 b - 2 scrolls of teleportation
 d - a scroll of identify
 e - a scroll of vulnerability
 f - a scroll of enchant armour
 g - a scroll of immolation


   Skills:
 + Level 6.5 Fighting
 + Level 9.0 Maces & Flails
 + Level 0.4 Throwing
 + Level 6.1 Dodging
 + Level 3.2 Stealth
 + Level 1.0 Spellcasting
 + Level 3.3 Fire Magic


You had 10 spell levels left.
You didn't know any spells.
Your spell library contained the following spells:

 Spells                   Type           Power      Damage    Failure   Level
 Scorch                   Fire           20%        2d6       10%         2


Dungeon Overview and Level Annotations

Branches:
Dungeon (6/15)
 Temple: D:4-7

Altars:
Ashenzari
Okawaru
Trog
Uskayaw
Zin

Shops:
D:3 :

Annotations:
D:6 1 transporter, HuGe's ghost, novice HOBe


Innate Abilities, Weirdness & Mutations

Your dull iron-grey scales are very hard. (AC +12)
You are amphibious.
You cannot fit into any form of body armour.
You are cold-blooded and may be slowed by cold attacks.
You possess an exceptional clarity of mind.
You are somewhat resistant to further mutation.


Message History

Unknown command.
As you read the scroll labelled ZOCOXUBR UNWOW, it crumbles to dust.
You hear a loud clanging noise!
It was a scroll of noise.
* * * LOW HITPOINT WARNING * * *
You feel very sick.
A sky beast appears from thin air!
Reactivating autopickup.
HuGe's ghost misses you.
You hit HuGe's ghost but do no damage.
HuGe's ghost is moderately damaged.
* * * LOW HITPOINT WARNING * * *
You feel very sick.
HuGe's ghost yells, "Who would have thought, even in death it is a pleasure to sever!"
HuGe's ghost hits you.
* * * LOW HITPOINT WARNING * * *
You aren't carrying any potions.
Unknown command.
Okay, then.
Okay, then.
You hit HuGe's ghost but do no damage.
You tail-slap HuGe's ghost, but do no damage.
HuGe's ghost is moderately damaged.
* * * LOW HITPOINT WARNING * * *
You feel very sick. HuGe's ghost hits you.
* * * LOW HITPOINT WARNING * * *
Unknown command.
You hit HuGe's ghost.
HuGe's ghost is moderately damaged.
* * * LOW HITPOINT WARNING * * *
You feel sick.
The kobold demonologist mumbles some strange words.
HuGe's ghost says, "You cannot hurt me!"
HuGe's ghost barely misses you.
You closely miss HuGe's ghost.
HuGe's ghost is moderately damaged.
* * * LOW HITPOINT WARNING * * *
You feel sick. HuGe's ghost hits you.
You die...

##.#.####.##..#..........##
#.###.....##........©.....##
##.#.######.....#########..#
###..# ##...##8.....8##.# ##...#
##..#........o#.## .....#
#..#.##...##.#..# ##.###
#..#.##...##.#..# #.#
##'.#..o.©....#..# #.#
##...#@##...##.#..# #.##
##....#W##{†.##.#..# #..##
##.....#KY......©#..#
##...####.....)##85....8##..#####
........'.......#########........
##...####........)..©.........###
#....# ##...>...##.....###.#.#
#.##.# ##.....####.#.##...#.# #
#.##.# ##...## #...##.###.# #


You could see a kobold demonologist, a sky beast, a quasit (summoned), HuGe's
ghost and an orc.

Vanquished Creatures
  Grinder (D:3)
  The ghost of CraigForest the Skirmisher, an amateur TeGl of Cheibriados (D:3)
  Sigmund (D:4)
  A water moccasin (D:6)
  2 sky beasts
  An ice beast (D:5)
  2 black bears (D:5)
  5 ogres
  Blork the orc (D:4)
  A water moccasin skeleton (D:6)
  A bullfrog zombie (D:5)
  A centaur zombie (D:6)
  3 hounds
  3 bullfrog skeletons
  A centaur skeleton (D:5)
  3 orc priests
  Natasha (thrice) (D:3)
  6 orc wizards
  4 iguanas
  A killer bee zombie (D:6)
  A hound zombie (D:5)
  A hound skeleton (D:4)
  Robin (D:3)
  9 adders
  A worm (D:2)
  2 dart slugs (D:2)
  19 orcs
  4 bats
  6 endoplasms
  A giant cockroach (D:1)
  17 goblins
  7 hobgoblins
  2 jackals (D:1)
  3 kobolds
  4 quokkas
  5 ball pythons
  2 frilled lizards
  4 rats
131 creatures vanquished.

Vanquished Creatures (others)
  75 foxfires
75 creatures vanquished.

Grand Total: 206 creatures vanquished

Notes
Turn   | Place    | Note
-------+----------+-------------------------------------------
     0 | D:1      | mhtbhm the Draconian Cinder Acolyte began the quest for the
                  | Orb.
     0 | D:1      | Reached XP level 1. HP: 19/19 MP: 2/2
   350 | D:1      | Reached XP level 2. HP: 21/27 MP: 3/3
   440 | D:1      | Found a faded altar of an unknown god.
  1481 | D:2      | Reached XP level 3. HP: 33/33 MP: 4/4
  2646 | D:3      | Noticed Grinder
  2656 | D:3      | Found Nouc's Book Emporium.
  3101 | D:3      | Reached XP level 4. HP: 29/40 MP: 5/5
  3126 | D:3      | Reached skill level 4 in Maces & Flails
  3126 | D:3      | Reached skill level 1 in Dodging
  3491 | D:3      | Paralysed by Grinder for 5 turns
  3499 | D:3      | Paralysed by Grinder for 2 turns
  3506 | D:3      | Killed Grinder
  3507 | D:3      | Reached skill level 5 in Maces & Flails
  3507 | D:3      | Reached skill level 1 in Stealth
  3507 | D:3      | Reached XP level 5. HP: 5/47 MP: 6/6
  3507 | D:3      | Reached XP level 6. HP: 6/53 MP: 7/7
  3847 | D:3      | Found a runed translucent door.
  3847 | D:3      | Noticed CraigForest's ghost (amateur TeGl)
  3919 | D:3      | Found a hide-covered altar of Uskayaw.
  3932 | D:3      | Noticed Natasha
  3946 | D:3      | Killed Natasha
  4095 | D:3      | Noticed Robin
  4109 | D:3      | Killed Robin
  4200 | D:3      | Noticed a sky beast
  4212 | D:3      | Killed a sky beast
  4443 | D:3      | Noticed Natasha
  4450 | D:3      | Killed Natasha
  4759 | D:3      | Noticed Natasha
  4802 | D:3      | Killed Natasha
  4803 | D:3      | Your scales start taking on a dull iron-grey colour.
  4803 | D:3      | Reached XP level 7. HP: 49/60 MP: 8/8
  4946 | D:4      | Found an iron altar of Okawaru.
  4966 | D:4      | Reached skill level 6 in Maces & Flails
  5112 | D:4      | Found a broken altar of Ashenzari.
  5122 | D:4      | Saw a vision of the Shoals and the Spider Nest.
  5122 | D:4      | Noticed a wolf spider
  5122 | D:4      | Noticed a redback
  5122 | D:4      | Noticed a redback
  5122 | D:4      | Noticed a redback
  5122 | D:4      | Noticed a hornet
  5122 | D:4      | Noticed a merfolk
  5122 | D:4      | Noticed a merfolk
  5122 | D:4      | Noticed a merfolk
  5122 | D:4      | Noticed a merfolk siren
  5122 | D:4      | Noticed a sea snake
  5122 | D:4      | Noticed a merfolk
  5122 | D:4      | Noticed a hornet
  5122 | D:4      | Noticed a merfolk
  5124 | D:4      | Noticed a redback
  5124 | D:4      | Noticed a wind drake
  5195 | D:4      | Noticed Blork the orc
  5211 | D:4      | Killed Blork the orc
  5212 | D:4      | Reached skill level 5 in Fighting
  5511 | D:4      | Noticed Sigmund
  5544 | D:4      | Killed Sigmund
  6094 | D:3      | Reached XP level 8. HP: 55/68 MP: 9/9
  6107 | D:3      | Killed CraigForest's ghost
  6108 | D:3      | Reached skill level 7 in Maces & Flails
  6234 | D:5      | Entered Level 5 of the Dungeon
  6373 | D:5      | Reached skill level 5 in Dodging
  6824 | D:5      | Found a bloodstained altar of Trog.
  7002 | D:5      | Reached skill level 8 in Maces & Flails
  7043 | D:5      | Found a glowing silver altar of Zin.
  7475 | D:5      | Reached XP level 9. HP: 63/66 MP: 10/10
  7521 | D:5      | Gained mutation: You possess an exceptional clarity of
                  | mind. [potion of mutation]
  7521 | D:5      | Gained mutation: You are somewhat resistant to further
                  | mutation. [potion of mutation]
  8837 | D:6      | Noticed a kobold demonologist
  8837 | D:6      | Noticed HuGe's ghost (novice HOBe)
  8853 | D:6      | Found a transporter.
  8862 | D:6      | Found a transporter.
  8897 | D:6      | Reached skill level 9 in Maces & Flails
  9199 | D:6      | HP: 3/78 [poisoned by HuGe's ghost]
  9200 | D:6      | Slain by HuGe's ghost

Illustrated notes

Levels and vault maps discovered:
D:1:      dpeg_arrival_central, layout_basic, basic_ecumenical_altar
D:2:      kennysheep_six_static_rooms, layout_loops_ring
D:3:      layout_loops_ring, amcnicky_altar_gilded, serial_shops,
          nicolae_lakefront_shop, ebering_ghost_inner_flame, uniq_natasha,
          uniq_grinder, uniq_robin
D:4:      layout_rooms, kennysheep_little_box, grunt_ashenzari_visionary
          [grunt_ashenzari_visionary_shoals, grunt_ashenzari_visionary_spider],
          uniq_blork_the_orc, uniq_sigmund
D:5:      layout_gridville, nicolae_overflow_crystal_walls,
          trog_ov_bears_minmay, minmay_misc_feat_rows
D:6:      layout_loops_corners, gammafunk_ghost_arena,
          chequers_serial_rivers_room_a

Skill      XL: |  1  2  3  4  5  6  7  8  9 |
---------------+----------------------------+-----
Fighting       | 4 5 6 |  6.5
Maces & Flails | 5 6 8 9 |  9.0
Dodging        | 2 3 4 5 6 |  6.1
Stealth        | 1 2 3 |  3.2
Throwing       | |  0.4
Spellcasting   | |  1.0
Fire Magic     | |  3.3

Action                   |  1- 3 |  4- 6 |  7- 9 || total
-------------------------+-------+-------+-------++-------
Melee: Mace              |   130 |   148 |   361 ||   639
       Tailslap          |    12 |    11 |    42 ||    65
       Flail             |       |       |    10 ||    10
Throw: Dart              |       |       |     3 ||     3
Invok: Foxfire Swarm     |     2 |     1 |     4 ||     7
       Sea of Fire       |       |     1 |     1 ||     2
  Use: Scroll            |     6 |       |     7 ||    13
       Potion            |       |     2 |     3 ||     5
 Stab: Distracted        |       |     1 |       ||     1
       Sleeping          |       |       |     2 ||     2
Armor: Skin              |    53 |    72 |   222 ||   347
Dodge: Dodged            |   109 |    86 |   268 ||   463

Table legend: (Time is in decaauts)
 A = Elapsed time spent in this place.
 B = Non-inter-level travel time spent in this place.
 C = Inter-level travel time spent in this place.
 D = Time resting spent in this place.
 E = Time spent auto-exploring this place.
 F = Levels seen in this place.
 G = Mean time per level.
                   A        B        C        D        E       F      G
               +--------+--------+--------+--------+--------+-----+--------+
         Total |   9278 |   9278 |      0 |   3307 |   4372 |   6 | 1546.3 |
       Dungeon |   9278 |   9278 |      0 |   3307 |   4372 |   6 | 1546.3 |
               +--------+--------+--------+--------+--------+-----+--------+

Top non-repeatable levels by time:
     D:3: 2402 daAuts
     D:2: 1766 daAuts
     D:6: 1603 daAuts
     D:5: 1358 daAuts
     D:4: 1239 daAuts
     D:1: 907 daAuts
